Map: 어비설 리프 - 래더

Players

liquidthermy (uThermal) - Winner!

  • Race: Terran Terran
  • League: Grandmaster
  • Spawn Location: 5:00

Zest

  • Race: Protoss Protoss
  • League: Master
  • Spawn Location: 11:00

Event: HomeStory Cup XVI

VOD

Have the link to the VOD?

Description

Time

  • Played on: Nov. 11, 2017, 1:03 p.m.
  • Length: 3:23

All games in this series

Show
View Real Time Build Order
Export as new Build Order

liquidthermy Terran - Winner!

Build Orders:  

Get SALT Encoding   

  12  0:01  SCV  
  13  0:13  SCV  
  14  0:19  Supply Depot  
  14  0:41  Barracks  
  14  0:43  Refinery  
  14  0:56  Barracks  
  14  1:00  SCV  
  15  1:12  SCV  
  16  1:27  Reaper  
  16  1:28  Orbital Command  
  17  1:41  Bunker  
  17  1:43  Reaper  
  18  1:50  Refinery  
  18  1:53  SCV  
  19  2:02  Reaper  
  19  2:07  SCV  
  21  2:15  Supply Depot  
  21  2:19  SCV  
  21  2:20  Reaper  
  22  2:35  Reaper  
  23  2:39  SCV  
  23  2:51  SCV  
  25  3:03  SCV  
Show
View Real Time Build Order
Export as new Build Order

Zest Protoss 

Build Orders:  

Get SALT Encoding   

  12  0:02  Probe (Chrono Boost)  
  14  0:14  Probe (Chrono Boost)  
  14  0:17  Pylon  
  14  0:25  Probe (Chrono Boost)  
  15  0:31  Probe (Chrono Boost)  
  15  0:37  Gateway  
  15  0:40  Probe (Chrono Boost)  
  17  0:47  Assimilator  
  17  0:53  Probe (Chrono Boost)  
  18  1:06  Probe (Chrono Boost)  
  20  1:18  Probe (Chrono Boost)  
  20  1:25  Cybernetics Core  
  20  1:26  Assimilator  
  20  1:30  Probe (Chrono Boost)  
  20  1:31  Zealot, Pylon  
  23  1:36  Pylon  
  23  1:47  Stalker  
  23  1:50  Probe (Chrono Boost)  
  24  1:56  Gateway  
  26  2:21  Probe (Chrono Boost)  
  25  2:38  Stalker, Probe (Chrono Boost)  
  27  2:48  Sentry  
Tags
 
Add a new tag
Caveats
  • Supply blocks, unpowered buildings, or Contaminate may cause inaccurate times.
  • Supply counts are checked every 10 seconds.